 Dungeon Crawl Stone Soup version 0.29-a0-486-ga88943ba61 (webtiles) character file.

Game seed: 5743374299735550455

74 Bruhh the Ogre Mage (level 4, -1/39 HPs)
             Began as an Ogre Earth Elementalist on May 26, 2022.
             Slain by an orc
             ... wielding a +0 short sword
              (4 damage)
             ... on level 3 of the Dungeon.
             The game lasted 00:02:47 (2508 turns).

Bruhh the Ogre Mage (Ogre Earth Elementalist)       Turns: 2508, Time: 00:02:48

Health: -1/39      AC:  3    Str: 12    XL:     4   Next: 28%
Magic:  9/9        EV: 13    Int: 18    God:
Gold:   164        SH:  0    Dex:  9    Spells: 9/10 levels left

rFire   + . .      SeeInvis .   u - staff of fire
rCold   . . .      Faith    .   (no shield)
rNeg    . . .      Spirit   .   b - +0 robe
rPois   +          Reflect  .   (helmet restricted)
rElec   .          Harm     .   (no cloak)
rCorr   .          Rampage  .   (gloves unavailable)
Will    .....                   (boots unavailable)
Stlth   +.........              (no amulet)
HPRegen 0.13/turn               e - ring of poison resistance
MPRegen 0.11/turn               k - +4 ring of evasion

@: no status effects
A: large, unfitting armour, tough skin 1
a: no special abilities


You were on level 3 of the Dungeon.
You visited 1 branch of the dungeon, and saw 3 of its levels.

You collected 164 gold pieces.

Inventory:

Missiles
 t - 23 stones
Armour
 b - a +0 robe (worn)
Magical Staves
 n - a staff of cold
 u - a staff of fire (weapon)
Jewellery
 e - a ring of poison resistance (left hand)
 k - a +4 ring of evasion (right hand)
Scrolls
 f - a scroll of teleportation
 m - a scroll of blinking {unknown}
 o - a scroll of brand weapon {unknown}
 p - 2 scrolls of identify {unknown}
 q - a scroll of noise {unknown}
 r - 2 scrolls of fear {unknown}
 s - a scroll of immolation {unknown}
 v - a scroll of enchant weapon {unknown}
Potions
 a - 2 potions of invisibility {unknown}
 c - a potion of magic
 d - 2 potions of haste {unknown}
 g - a potion of curing {unknown}
 h - 3 potions of lignification {unknown}
 i - 2 potions of heal wounds {unknown}
 j - 2 potions of berserk rage {unknown}
 l - 2 potions of mutation {unknown}


   Skills:
 - Level 1.7 Dodging
 - Level 1.4 Stealth
 + Level 3.9 Spellcasting
 - Level 0.8 Transmutations
 + Level 3.7 Earth Magic


You had 9 spell levels left.
You knew the following spells:

 Your Spells              Type           Power      Damage    Failure   Level
a - Sandblast             Erth           34%        2d9       3%          1

Your spell library contained the following spells:

 Spells                   Type           Power      Damage    Failure   Level
 Passwall                 Tmut/Erth      9%         N/A       9%          2
 Stone Arrow              Conj/Erth      20%        3d8       21%         3
 Petrify                  Tmut/Erth      11%        N/A       50%         4


Dungeon Overview and Level Annotations

Branches:
Dungeon (3/15)

Altars:

Annotations:
D:3 3 runed translucent doors, JosephDoom's ghost, amateur DrWn


Innate Abilities, Weirdness & Mutations

You are too large for most types of armour.
You have tough skin. (AC +1)


Message History

You hit the orc.
The orc is lightly wounded.
The orc barely misses you.
You barely miss the orc.
The orc is lightly wounded.
The orc hits you with a +0 hand axe. The orc completely misses you.
You closely miss the orc.
The orc is lightly wounded.
The orc hits you with a +0 hand axe.
You closely miss the orc.
The orc is lightly wounded.
The orc closely misses you. The orc hits you with a +0 short sword.
You hit the orc but do no damage.
The orc is lightly wounded.
The orc hits you with a +0 hand axe.
You closely miss the orc.
The orc is lightly wounded.
The orc hits you but does no damage. The orc closely misses you.
The orc hits you with a +0 hand axe.
You hit the orc.
The orc is heavily wounded.
The orc hits you with a +0 short sword. The orc misses you.
The orc barely misses you. The orc hits you with a +0 hand axe.
The orc hits you with a +0 hand axe! The orc closely misses you.
The orc hits you with a staff of poison.
* * * LOW HITPOINT WARNING * * *
The orc completely misses you. The orc attacks as you move away!
The orc hits you with a staff of poison.
* * * LOW HITPOINT WARNING * * *
The orc attacks as you move away! The orc completely misses you.
The orc attacks as you move away! The orc misses you.
The orc attacks as you move away! The orc hits you but does no damage.
The orc attacks as you move away! The orc hits you with a +0 short sword.
* * * LOW HITPOINT WARNING * * *
The orc hits you with a +0 hand axe.
* * * LOW HITPOINT WARNING * * *
The orc closely misses you. The orc attacks as you move away!
The orc hits you with a +0 short sword.
You die...

#.# .. #.# .# # #.# .# #.
. #.# #'## ##.# . #.#
##...## #).# . #.#
##.....## #.###. ###.##
##.......## #.....
#....####oo.......###....#
#.......'@o.......'......)
#....####.o.......###....#
#.#.## ##.......## #.#.##
#.### ##.....## #.### ##.#
##...## #.#### #..# #'##
#..... #.## #.# #..### #.#
#.# #..## #.# ##.## #...#


You could see 4 orcs.

Vanquished Creatures
  An adder (D:2)
  A gnoll (D:2)
  A worm (D:3)
  5 endoplasms
  4 giant cockroaches
  2 goblins
  4 hobgoblins
  5 jackals
  A quokka (D:3)
  6 ball pythons
  4 bats
  5 kobolds
  7 rats
46 creatures vanquished.

Vanquished Creatures (others)
  14 toadstools (D:1)
14 creatures vanquished.

Grand Total: 60 creatures vanquished

Notes
Turn   | Place    | Note
-------+----------+-------------------------------------------
     0 | D:1      | Bruhh the Ogre Earth Elementalist began the quest for the
                  | Orb.
     0 | D:1      | Reached XP level 1. HP: 16/16 MP: 3/3
   296 | D:1      | Reached XP level 2. HP: 24/24 MP: 3/5
   714 | D:2      | Found a faded altar of an unknown god.
   902 | D:2      | Reached XP level 3. HP: 31/31 MP: 4/7
  1880 | D:3      | Reached XP level 4. HP: 37/39 MP: 9/9
  2234 | D:3      | Found a runed translucent gate.
  2234 | D:3      | Found a runed translucent gate.
  2343 | D:3      | Found a runed translucent gate.
  2346 | D:3      | Noticed JosephDoom's ghost (amateur DrWn)
  2508 | D:3      | Slain by an orc

Illustrated notes

Levels and vault maps discovered:
D:1:      nagdon_arrival_zigzag_paths, layout_rooms, nrook_mini_backslash
D:2:      minmay_angry_zag, layout_rooms, hellmonk_ecumenical_altar_dog_temple,
          minmay_tetromino_o2
D:3:      layout_loops_corners, gammafunk_ghost_necromancy

Skill      XL: |  1  2 |
---------------+-------+-----
Earth Magic    | 3 |  3.7
Spellcasting   | 3 |  3.9
Dodging        | |  1.7
Stealth        | |  1.4
Transmutations | |  0.8

Action                   |  1- 3 |  4- 6 || total
-------------------------+-------+-------++-------
Melee: Unarmed           |    16 |       ||    16
       Staff             |    47 |    61 ||   108
       Punch             |       |     1 ||     1
 Cast: Sandblast         |    34 |       ||    34
  Use: Scroll            |     1 |       ||     1
 Stab: Sleeping          |       |     1 ||     1
Armor: Robe              |    34 |    15 ||    49
Dodge: Dodged            |    75 |    49 ||   124

Table legend: (Time is in decaauts)
 A = Elapsed time spent in this place.
 B = Non-inter-level travel time spent in this place.
 C = Inter-level travel time spent in this place.
 D = Time resting spent in this place.
 E = Time spent auto-exploring this place.
 F = Levels seen in this place.
 G = Mean time per level.
                   A        B        C        D        E       F      G
               +--------+--------+--------+--------+--------+-----+--------+
         Total |   2527 |   2429 |     98 |      0 |   2038 |   3 |  842.3 |
       Dungeon |   2527 |   2429 |     98 |      0 |   2038 |   3 |  842.3 |
               +--------+--------+--------+--------+--------+-----+--------+

Top non-repeatable levels by time:
     D:2: 1164 daAuts
     D:1: 706 daAuts
     D:3: 655 daAuts
